 Seeded DCSS version 0.30-a0-739-gea05faddec (webtiles) character file.

Game seed: 5430720872467839093 (custom seed)

397 hbarley the Chopper (level 6, -1/55 HPs)
             Began as a Hill Orc Fighter on Feb 4, 2023.
             Slain by a two-headed ogre
             ... wielding a +0 giant spiked club
              (10 damage)
             ... on level 6 of the Dungeon.
             The game lasted 00:07:53 (2097 turns).

hbarley the Chopper (Hill Orc Fighter)              Turns: 2097, Time: 00:07:54

Health: -1/55      AC: 14    Str: 30    XL:     6   Next: 83%
Magic:  6/6        EV: 10    Int:  8    God:
Gold:   801        SH:  5    Dex: 13    Spells: 5/5 levels left

rFire   x . .      SeeInvis .    s - +5 war axe of Melee {protect, rElec Str+2 Dex-5 Stlth+}
rCold   . . .      Faith    .    c - +0 buckler
rNeg    + . .      Spirit   .    b - +0 scale mail
rPois   .          Reflect  .    (no helmet)
rElec   +          Harm     .    (no cloak)
rCorr   .          Rampage  .    (no gloves)
Will    .....                    (no boots)
Stlth   +                        t - amulet of regeneration
HPRegen 1.09/turn                m - +6 ring of strength
MPRegen 0.10/turn                u - ring "Ijubbul" {rElec rF- rN+ Str+3 Dex+6}

@: under a protective aura
A: no striking features
a: no special abilities


You were on level 6 of the Dungeon.
You visited 1 branch of the dungeon, and saw 4 of its levels.

You collected 829 gold pieces.
You spent 28 gold pieces at shops.

Inventory:

Hand Weapons
 a - a +0 war axe
 s - the +5 war axe of Melee (weapon) {protect, rElec Str+2 Dex-5 Stlth+}
   (You acquired it on level 2 of the Dungeon)

   Str:       It affects your strength (+2).
   Dex:       It affects your dexterity (-5).
   rElec:     It insulates you from electricity.
   Stlth:     It makes you more stealthy.
Missiles
 x - a throwing net (quivered)
 z - 5 poisoned darts
Armour
 b - a +0 scale mail (worn)
 c - a +0 buckler (worn)
Jewellery
 m - a +6 ring of strength (left hand)
 q - a ring of protection from cold
 t - an amulet of regeneration (around neck)
 u - the ring "Ijubbul" (right hand) {rElec rF- rN+ Str+3 Dex+6}
   (You acquired it on level 2 of the Dungeon)

   [ring of dexterity]

   Str:       It affects your strength (+3).
   Dex:       It affects your dexterity (+6).
   rF:        It makes you vulnerable to fire.
   rElec:     It insulates you from electricity.
   rN:        It protects you from negative energy.
Wands
 C - a wand of mindburst (13)
Scrolls
 f - 3 scrolls of amnesia {unknown}
 i - 2 scrolls of noise {unknown}
 j - 2 scrolls of identify
 k - a scroll of torment {unknown}
 l - a scroll of teleportation {unknown}
 n - a scroll of brand weapon {unknown}
 o - a scroll of fog {unknown}
 p - a scroll of immolation {unknown}
 r - 2 scrolls of enchant armour {unknown}
 v - a scroll of poison {unknown}
 y - a scroll of silence {unknown}
 D - a scroll of fear {unknown}
Potions
 d - a potion of might
 e - a potion of mutation {unknown}
 g - a potion of attraction {unknown}
 h - 3 potions of curing {unknown}
 w - a potion of degeneration {unknown}
 A - a potion of berserk rage {unknown}
 B - a potion of lignification {unknown}


   Skills:
 + Level 4.9 Fighting
 + Level 6.5 Axes
 + Level 4.4 Armour
 + Level 1.2 Dodging
 + Level 4.1 Shields


You had 5 spell levels left.
You didn't know any spells.
Your spell library was empty.

Dungeon Overview and Level Annotations

Branches:
Dungeon (6/15)
 Temple: D:4-7

Altars:
Ashenzari
Elyvilon
Fedhas
Kikubaaqudgha
Makhleb
Okawaru

Shops:
D:2 ?


Message History

Found a runed hand axe.
There is a broken altar of Ashenzari here.
You see here a +1 hand axe of distortion.
A scorpion comes into view.
You slash the scorpion!
Your weapon exudes an aura of protection.
The scorpion is heavily wounded.
The scorpion barely misses you.
You barely miss the scorpion.
The scorpion is heavily wounded.
The scorpion stings you but does no damage. x2
You barely miss the scorpion.
The scorpion is heavily wounded.
You block the scorpion's attack.
You slash the scorpion!
Your weapon exudes an aura of protection.
You kill the scorpion!
You see here a scorpion corpse.
A two-headed ogre and a shadow imp come into view.
Found a glowing white potion.
The two-headed ogre shouts in stereo!
You see here an Inescapable Atlas.
You completely miss the two-headed ogre.
The two-headed ogre barely misses you.
The two-headed ogre hits you with a +0 giant spiked club!
You completely miss the two-headed ogre.
The two-headed ogre misses you.
The two-headed ogre hits you with a +0 giant spiked club!!
Ouch! That really hurt!
* * * LOW HITPOINT WARNING * * *
You hit the two-headed ogre.
Your weapon exudes an aura of protection.
The two-headed ogre is lightly wounded.
The shadow imp gestures at you. Pain shoots through your body!
* * * LOW HITPOINT WARNING * * *
You hit the two-headed ogre.
The two-headed ogre is lightly wounded.
The two-headed ogre hits you with a +0 giant spiked club!
You die...

#..###...........###.#.#
#...# ##....#.... #.#.#
#...# ##.......# #.#.#
###.# +.......+ #.#..
..# ##.......# #.... ..#
#....#.... #)..# ..#
#..##+##.. #...# #.## .
#.#.# #@# ####.#..
#....O.................
+!...#.................
......#...5##..####.##..
##.#. #....# #.##.. # #.
#..... .....# # #....##
. ....# #....# .......#
..##...


You could see a two-headed ogre and a shadow imp.

Vanquished Creatures
  A scorpion (D:6)
  2 necrophages
  An orc priest (D:3)
  An orc wizard (D:3)
  9 gnolls
  3 adders
  3 orcs (D:3)
  3 bats
  6 endoplasms
  A giant cockroach (D:3)
  4 goblins
  4 hobgoblins
  4 jackals (D:1)
  6 kobolds
  2 quokkas (D:1)
  6 ball pythons
  2 frilled lizards
  3 rats
61 creatures vanquished.

Notes
Turn   | Place    | Note
-------+----------+-------------------------------------------
     0 | D:1      | hbarley the Hill Orc Fighter began the quest for the Orb.
     0 | D:1      | Reached XP level 1. HP: 19/19 MP: 1/1
    60 | D:1      | Reached XP level 2. HP: 26/27 MP: 2/2
   753 | D:1      | Reached skill level 3 in Axes
   782 | D:1      | Reached XP level 3. HP: 33/33 MP: 3/3
   992 | D:2      | Found Doddoiw's Magic Scroll Shoppe.
  1000 | D:2      | Bought a scroll of identify for 28 gold pieces
  1089 | D:2      | Noticed a necrophage
  1092 | D:2      | Killed a necrophage
  1093 | D:2      | Reached skill level 4 in Axes
  1093 | D:2      | Reached XP level 4. HP: 38/40 MP: 4/4
  1216 | D:2      | Reached XP level 5. HP: 39/47 MP: 5/5
  1532 | D:2      | Identified 4 scrolls of acquirement
  1533 | D:2      | Acquired 727 gold pieces
  1534 | D:2      | Acquired an amulet of regeneration
  1535 | D:2      | Acquired the ring "Ijubbul" {rElec rF- rN+ Str+3 Dex+6}
  1536 | D:2      | Acquired the +5 war axe of Melee {protect, rElec Str+2
                  | Dex-5 Stlth+}
  1602 | D:3      | Found a faded altar of an unknown god.
  1725 | D:3      | Reached skill level 5 in Axes
  1729 | D:3      | Reached skill level 1 in Dodging
  1793 | D:3      | Found an iron altar of Okawaru.
  1895 | D:3      | Identified the +3 short sword of the Manifold Quests
                  | {flame, rElec Int+5}
  1899 | D:3      | Reached XP level 6. HP: 43/53 MP: 6/6
  1927 | D:3      | You fall into a shaft and drop 3 floors!
  1936 | D:6      | Found a broken altar of Ashenzari.
  1953 | D:6      | Reached skill level 6 in Axes
  1971 | D:6      | Found a white marble altar of Elyvilon.
  1971 | D:6      | Found an ancient bone altar of Kikubaaqudgha.
  1975 | D:6      | Found a burning altar of Makhleb.
  1975 | D:6      | Found a blossoming altar of Fedhas.
  2093 | D:6      | Noticed a two-headed ogre
  2097 | D:6      | Slain by a two-headed ogre

Illustrated notes

Levels and vault maps discovered:
D:1:      dpeg_arrival_boxes_within_box, layout_basic
D:2:      layout_loops_ring, serial_shops, shop, nicolae_kite_square_tiling_tiny
D:3:      layout_rooms, okawaru_metal_pillars_3, ebering_ecumenical_altar_rust
D:6:      layout_gridville, mainiacjoe_overflow_tiny_flanked,
          grunt_temple_overflow_open, cheibrodos_ashenzari_chains, minivault_5,
          minmay_pentangle

Skill      XL: |  1  2  3  4  5  6 |
---------------+-------------------+-----
Fighting       | 4 |  4.9
Axes           | 3 4 5 6 |  6.5
Armour         | 4 |  4.4
Dodging        | 1 |  1.2
Shields        | 4 |  4.1

Action                     |  1- 3 |  4- 6 || total
---------------------------+-------+-------++-------
  Melee: War axe           |    40 |    80 ||   120
    Use: Scroll            |       |     5 ||     5
 Armour: Scale mail        |    21 |    48 ||    69
  Dodge: Dodged            |    25 |    44 ||    69
  Block: Buckler           |    14 |    31 ||    45

Table legend: (Time is in decaauts)
 A = Elapsed time spent in this place.
 B = Non-inter-level travel time spent in this place.
 C = Inter-level travel time spent in this place.
 D = Time resting spent in this place.
 E = Time spent auto-exploring this place.
 F = Levels seen in this place.
 G = Mean time per level.
                   A        B        C        D        E       F      G
               +--------+--------+--------+--------+--------+-----+--------+
         Total |   2134 |   1905 |    229 |      0 |   1523 |   4 |  533.5 |
       Dungeon |   2134 |   1905 |    229 |      0 |   1523 |   4 |  533.5 |
               +--------+--------+--------+--------+--------+-----+--------+

Top non-repeatable levels by time:
     D:1: 941 daAuts
     D:2: 648 daAuts
     D:3: 372 daAuts
     D:6: 172 daAuts
